Devils vs Senators

Created - Thursday, January 28, 2016 at 00:32

Goals
1 2 3 OT1 SO T
Devils 0 1 0 0 1 2
Senators 0 1 0 0 0 1
Shots
1 2 3 OT1 SO T
Devils 11 9 14 3 4 37
Senators 6 7 4 3 4 20

1st period

No Goal

Penalties :
Ryan Craig (BIN) for Fighting (Major) at 0:54, Zach O'Brien (ALB) for Fighting (Major) at 0:54, Colton Orr (BIN) for Fighting (Major) at 1:33, Darren Archibald (ALB) for Fighting (Major) at 1:33, Colin Miller (ALB) for High sticking (Minor) at 16:47, Tom Nilsson (BIN) for Tripping (Minor) at 19:25

2nd period

1. Devils , Chris Mueller 4 (Jordan Martinook, Colin Miller) at 0:26 (PP)
2. Senators , Colin Greening 9 (Connor Brown) at 0:46

Penalties :
Jordan Martinook (ALB) for Roughing (Minor) at 0:49, Scooter Vaughan (ALB) for Hooking (Minor) at 17:41

3rd period

No Goal

Penalties :
Matt Finn (BIN) for Roughing (Minor) at 9:41, Colin Greening (BIN) for Hooking (Minor) at 14:23

Overtime #1

No Goal

Penalties :
No Penalty

Shootout

Penalty Shot by Tom Kuhnhackl for Devils - Stopped by Jean-Francois Berube
Penalty Shot by Greg Nemisz for Senators - Stopped by Anton Khudobin
Penalty Shot by Justin Dowling for Devils - Stopped by Jean-Francois Berube
Penalty Shot by Cody Hodgson for Senators - Stopped by Anton Khudobin
Penalty Shot by Chris Mueller for Devils - Stopped by Jean-Francois Berube
Penalty Shot by Colin Greening for Senators - Stopped by Anton Khudobin
Penalty Shot by Jordan Martinook for Devils - Goal!
Penalty Shot by Ryan Craig for Senators - Stopped by Anton Khudobin

Penalties :
No Penalty

Goalie Stats

Anton Khudobin (ALB), 19 saves from 20 shots - (0.950), W, 5-3-2, 65:00 minutes
Jean-Francois Berube (BIN), 36 saves from 37 shots - (0.973), OTL, 20-17-16, 65:00 minutes

Players Stats for Devils

Player Name              G  A  P  +/- PIM S  H  SB GA TA FO     MP     PP MP  PK MP  
------------------------------------------------------------------------------------
Chris Mueller            1  0  1   0  0   2  1  0  3  1  12/18  22:30   2:23   3:15 
Colin Miller             0  1  1  -1  2   5  2  3  2  3  0/0    28:56   3:18   1:48 
Curtis Hamilton          0  0  0  -1  0   0  0  0  4  1  0/1    15:35   0:00   1:43 
Darren Archibald         0  0  0   0  5   3  4  1  1  1  0/1    13:04   0:00   0:00 
Darroll Powe             0  0  0   0  0   1  0  0  1  1  0/0     7:06   0:00   0:45 
Gabriel Beaupre          0  0  0   0  0   1  0  0  1  1  0/0    25:45   1:41   3:00 
Garrett Thompson         0  0  0   0  0   0  0  0  0  0  0/0     0:00   0:00   0:00 
Joel Hanley              0  0  0   0  0   0  1  2  0  1  0/0    13:28   0:00   2:02 
John Ramage              0  0  0   0  0   0  0  0  0  0  0/0    24:11   3:18   2:43 
Jordan Martinook         0  1  1   0  2   1  1  2  1  2  0/0    18:50   2:23   3:18 
Justin Dowling           0  0  0  -1  0   4  1  1  4  0  7/13   23:40   0:00   2:53 
Matthew Ford             0  0  0  -1  0   2  2  1  2  1  1/1    11:38   0:00   0:00 
Scooter Vaughan          0  0  0  -1  2   2  3  4  1  3  0/0    26:02   1:41   2:21 
Sean Collins             0  0  0   0  0   8  1  0  5  0  6/8    14:51   2:36   0:00 
Sena Acolatse            0  0  0   0  0   3  2  0  0  0  0/0    19:33   0:00   0:00 
Tom Kuhnhackl            0  0  0   0  0   1  0  0  0  2  1/2    19:45   2:36   0:00 
Yanni Gourde             0  0  0   0  0   2  1  1  3  1  0/1    15:01   2:36   0:00 
Zach O'Brien             0  0  0   0  5   2  5  1  1  1  2/2    14:03   2:23   0:00 

Players Stats for Senators

Player Name              G  A  P  +/- PIM S  H  SB GA TA FO     MP     PP MP  PK MP  
------------------------------------------------------------------------------------
Cody Hodgson             0  0  0   1  0   0  1  0  0  0  5/12   24:01   2:14   2:50 
Colin Greening           1  0  1   1  2   4  1  1  5  1  0/0    16:01   3:39   0:00 
Colton Orr               0  0  0   0  5   1  0  0  0  0  0/2    15:15   1:24   0:00 
Connor Brown             0  1  1   1  0   2  1  3  3  1  2/4    22:32   2:34   1:00 
Darcy Zajac              0  0  0   0  0   2  0  0  1  1  0/2    11:41   1:47   1:09 
Evan Trupp               0  0  0   0  0   1  1  2  2  1  2/5    13:05   0:27   2:09 
Greg Nemisz              0  0  0   0  0   0  2  1  1  2  0/0    17:44   1:56   0:00 
Griffin Reinhart         0  0  0   1  0   3  1  1  3  3  0/0    25:39   3:40   2:19 
Jesse Blacker            0  0  0   1  0   1  2  2  0  2  0/0    25:39   3:40   2:19 
Joe Finley               0  0  0   0  0   0  3  0  0  1  0/0    22:45   2:17   2:40 
Kenny Ryan               0  0  0   0  0   2  1  0  3  1  1/1    14:21   0:00   0:00 
Matt Finn                0  0  0   0  2   0  0  2  0  0  0/0    16:58   0:00   0:00 
Mike Brown               0  0  0   0  0   1  2  0  9  2  2/7    19:46   1:32   2:50 
Philip McRae             0  0  0   0  0   1  1  0  0  0  2/6    14:21   0:00   0:00 
Ryan Craig               0  0  0   0  5   1  0  0  0  1  4/8    15:48   2:18   0:00 
Tom Nilsson              0  0  0   0  2   0  1  0  0  1  0/0    16:35   0:00   0:00 
Tyler Biggs              0  0  0   0  0   0  0  0  0  0  0/0     0:00   0:00   0:00 
Viktor Loov              0  0  0   0  0   1  0  0  0  2  0/0    22:45   2:17   2:40 

3 Stars

1 - Jean-Francois Berube (BIN)
2 - Anton Khudobin (ALB)
3 - Chris Mueller (ALB)

Power Play

Devils - 1 on 3 Attempt(s) - 33.33%
Senators - 0 on 3 Attempt(s) - 0.00%

Penalty Kill

Devils - 3 on 3 Attempt(s) - 100.00% - Score 0 goal in Penalty Kill
Senators - 2 on 3 Attempt(s) - 66.67% - Score 0 goal in Penalty Kill

Team Stat

Devils - Hits : 24 - Faceoff Wins : 29 - Blocked Shots : 16 - Penalty Minutes : 16
Senators - Hits : 17 - Faceoff Wins : 18 - Blocked Shots : 12 - Penalty Minutes : 16

Official

Referees : Unknown
Linesman : Unknown

Game Notes

Ryan Craig beats up Zach O'Brien at 0:54 of 1st period
Colton Orr beats up Darren Archibald at 1:33 of 1st period

Finance

Level 1 -- Attendance: 1501 (75.05%) -- Ticket Income $52,535
Level 2 -- Attendance: 712 (71.20%) -- Ticket Income $10,680
Total Attendance: 2213 (73.77%)
Total Ticket Income: $63,215
Other Income: $30,975
Total Income: $94,190

Devils

5 vs 5 Forward 
   Center                   Left Wing                Right Wing               Time % Phy DF OF 
 1 Chris Mueller            Jordan Martinook         Tom Kuhnhackl            35     1   2  2  
 2 Zach O'Brien             Yanni Gourde             Justin Dowling           30     1   2  2  
 3 Justin Dowling           Curtis Hamilton          Matthew Ford             22     1   2  2  
 4 Sean Collins             Darren Archibald         Scooter Vaughan          13     1   2  2  

5 vs 5 Defense 
   Defense                  Defense                                           Time % Phy DF OF 
 1 Scooter Vaughan          Colin Miller                                      35     1   2  2  
 2 Gabriel Beaupre          John Ramage                                       30     1   2  2  
 3 Sena Acolatse            Colin Miller                                      22     1   2  2  
 4 Colin Miller             Gabriel Beaupre                                   13     1   2  2  

PowerPlay Forward 
   Center                   Left Wing                Right Wing               Time % Phy DF OF 
 1 Chris Mueller            Jordan Martinook         Zach O'Brien             60     1   2  2  
 2 Sean Collins             Yanni Gourde             Tom Kuhnhackl            40     1   2  2  

PowerPlay Defense
   Defense                  Defense                                           Time % Phy DF OF 
 1 John Ramage              Colin Miller                                      60     1   2  2  
 2 Scooter Vaughan          Gabriel Beaupre                                   40     1   2  2  

Penalty Kill 4 Players Forward 
   Center                   Wing                     Time % Phy DF OF 
 1 Chris Mueller            Jordan Martinook         60     1   2  2  
 2 Justin Dowling           Zach O'Brien             40     1   2  2  

Penalty Kill 4 Players Defense
   Defense                  Defense                  Time % Phy DF OF 
 1 Gabriel Beaupre          John Ramage              60     1   2  2  
 2 Colin Miller             Scooter Vaughan          40     1   2  2  

Penalty Kill - 3 Players Forward 
   Forward                                           Time % Phy DF OF 
 1 Chris Mueller                                     60     1   2  2  
 2 Justin Dowling                                    40     1   2  2  

Penalty Kill - 3 Players Defense
   Defense                  Defense                  Time % Phy DF OF 
 1 Gabriel Beaupre          Colin Miller             60     1   2  2  
 2 John Ramage              Sena Acolatse            40     1   2  2  

4 vs 4 Forward 
   Center                   Wing                     Time % Phy DF OF 
 1 Justin Dowling           Darren Archibald         60     1   2  2  
 2 Chris Mueller            Zach O'Brien             40     1   2  2  

4 vs 4 Defense
   Defense                  Defense                  Time % Phy DF OF 
 1 Scooter Vaughan          Colin Miller             60     1   2  2  
 2 Gabriel Beaupre          Sena Acolatse            40     1   2  2  

Last Minutes Offensive
   Center                   Left Wing                Right Wing               Defense                  Defense                  
   Jordan Martinook         Chris Mueller            Justin Dowling           Garrett Thompson         Colin Miller             

Last Minutes Defensive
   Center                   Left Wing                Right Wing               Defense                  Defense                  
   Jordan Martinook         Chris Mueller            Justin Dowling           Garrett Thompson         Colin Miller             

Goaltenders
Starting : Anton Khudobin           
Backup : Anthony Stolarz          

Extra Forwards
Normal : Tom Kuhnhackl, Justin Dowling, Chris Mueller - PP : Jordan Martinook, Matthew Ford - PK : Justin Dowling
Extra Defensemen
Normal : Sena Acolatse, John Ramage, Gabriel Beaupre - PP : Gabriel Beaupre - PK : Gabriel Beaupre, Scooter Vaughan
Penalty Shots
Tom Kuhnhackl, Justin Dowling, Chris Mueller, Jordan Martinook, Matthew Ford

Senators

5 vs 5 Forward 
   Center                   Left Wing                Right Wing               Time % Phy DF OF 
 1 Cody Hodgson             Connor Brown             Colin Greening           35     1   2  2  
 2 Ryan Craig               Mike Brown               Greg Nemisz              30     1   2  2  
 3 Evan Trupp               Cody Hodgson             Connor Brown             22     1   2  2  
 4 Philip McRae             Cody Hodgson             Kenny Ryan               13     1   2  2  

5 vs 5 Defense 
   Defense                  Defense                                           Time % Phy DF OF 
 1 Jesse Blacker            Griffin Reinhart                                  35     1   2  2  
 2 Joe Finley               Viktor Loov                                       30     1   2  2  
 3 Matt Finn                Tom Nilsson                                       22     1   2  2  
 4 Jesse Blacker            Griffin Reinhart                                  13     1   2  2  

PowerPlay Forward 
   Center                   Left Wing                Right Wing               Time % Phy DF OF 
 1 Cody Hodgson             Connor Brown             Colin Greening           60     1   2  2  
 2 Ryan Craig               Mike Brown               Greg Nemisz              40     1   2  2  

PowerPlay Defense
   Defense                  Defense                                           Time % Phy DF OF 
 1 Jesse Blacker            Griffin Reinhart                                  60     1   2  2  
 2 Joe Finley               Viktor Loov                                       40     1   2  2  

Penalty Kill 4 Players Forward 
   Center                   Wing                     Time % Phy DF OF 
 1 Mike Brown               Cody Hodgson             60     1   2  2  
 2 Colin Greening           Ryan Craig               40     1   2  2  

Penalty Kill 4 Players Defense
   Defense                  Defense                  Time % Phy DF OF 
 1 Jesse Blacker            Griffin Reinhart         60     1   2  2  
 2 Joe Finley               Viktor Loov              40     1   2  2  

Penalty Kill - 3 Players Forward 
   Forward                                           Time % Phy DF OF 
 1 Colin Greening                                    60     1   2  2  
 2 Cody Hodgson                                      40     1   2  2  

Penalty Kill - 3 Players Defense
   Defense                  Defense                  Time % Phy DF OF 
 1 Jesse Blacker            Griffin Reinhart         60     1   2  2  
 2 Joe Finley               Viktor Loov              40     1   2  2  

4 vs 4 Forward 
   Center                   Wing                     Time % Phy DF OF 
 1 Connor Brown             Cody Hodgson             60     1   2  2  
 2 Colin Greening           Ryan Craig               40     1   2  2  

4 vs 4 Defense
   Defense                  Defense                  Time % Phy DF OF 
 1 Jesse Blacker            Griffin Reinhart         60     1   2  2  
 2 Joe Finley               Viktor Loov              40     1   2  2  

Last Minutes Offensive
   Center                   Left Wing                Right Wing               Defense                  Defense                  
   Cody Hodgson             Ryan Craig               Colin Greening           Jesse Blacker            Griffin Reinhart         

Last Minutes Defensive
   Center                   Left Wing                Right Wing               Defense                  Defense                  
   Cody Hodgson             Ryan Craig               Colin Greening           Jesse Blacker            Griffin Reinhart         

Goaltenders
Starting : Jean-Francois Berube     
Backup : Cedrick Desjardins       

Extra Forwards
Normal : Colton Orr, Darcy Zajac, Connor Brown - PP : Colton Orr, Darcy Zajac - PK : Connor Brown
Extra Defensemen
Normal : Matt Finn, Tom Nilsson, Joe Finley - PP : Matt Finn - PK : Tom Nilsson, Joe Finley
Penalty Shots
Greg Nemisz, Cody Hodgson, Colin Greening, Ryan Craig, Mike Brown

% Time on Ice - Devils

Lines # - Real PCT - Wanted PCT - Time Play
Normal Forward
1 - 27% - 35% - 13:21
2 - 25% - 30% - 12:25
3 - 23% - 22% - 11:10
4 - 25% - 13% - 12:08
Normal Defense
1 - 22% - 35% - 10:55
2 - 41% - 30% - 19:56
3 - 34% - 22% - 16:49
4 - 3% - 13% - 1:24
PP Forward
1 - 48% - 60% - 2:23
2 - 52% - 40% - 2:36
PP Defense
1 - 66% - 60% - 3:18
2 - 34% - 40% - 1:41
PK Forward
1 - 100% - 60% - 5:57
2 - 0% - 40% - 0:00
PK Defense
1 - 46% - 60% - 2:43
2 - 54% - 40% - 3:14
PK3 Forward
1 - 0% - 60%
2 - 0% - 40%
PK3 Defense
1 - 0% - 60%
2 - 0% - 40%
44 Forward
1 - 100% - 60% - 5:00
2 - 0% - 40% - 0:00
44 Defense
1 - 58% - 60% - 2:53
2 - 42% - 40% - 2:07
Last Minute Offensive  - 0:00
Last Minute Defensive  - 0:00
Total
Forward - 65:00
Defense - 65:00

% Time on Ice - Senators

Lines # - Real PCT - Wanted PCT - Time Play
Normal Forward
1 - 26% - 35% - 12:46
2 - 32% - 30% - 15:48
3 - 13% - 22% - 6:09
4 - 29% - 13% - 14:21
Normal Defense
1 - 30% - 35% - 14:41
2 - 32% - 30% - 15:43
3 - 34% - 22% - 16:36
4 - 4% - 13% - 2:04
PP Forward
1 - 61% - 60% - 3:39
2 - 39% - 40% - 2:18
PP Defense
1 - 62% - 60% - 3:40
2 - 38% - 40% - 2:17
PK Forward
1 - 100% - 60% - 4:59
2 - 0% - 40% - 0:00
PK Defense
1 - 46% - 60% - 2:19
2 - 54% - 40% - 2:40
PK3 Forward
1 - 0% - 60%
2 - 0% - 40%
PK3 Defense
1 - 0% - 60%
2 - 0% - 40%
44 Forward
1 - 100% - 60% - 5:00
2 - 0% - 40% - 0:00
44 Defense
1 - 58% - 60% - 2:55
2 - 42% - 40% - 2:05
Last Minute Offensive  - 0:00
Last Minute Defensive  - 0:00
Total
Forward - 65:00
Defense - 65:00

Play by Play

1st period


0:01 of 1st period - Cody Hodgson wins face-off versus Chris Mueller in neutral zone.
0:23 of 1st period - Snap shot by Colin Miller.
0:23 of 1st period - Shot Misses the Net.
0:33 of 1st period - Wrist shot by Colin Greening.
0:33 of 1st period - Stopped by Anton Khudobin without a rebound.
0:34 of 1st period - Ryan Craig wins face-off versus Justin Dowling in Devils zone.
0:49 of 1st period - Snap shot by Zach O'Brien.
0:49 of 1st period - Shot Misses the Net.
0:54 of 1st period - Ryan Craig beats up Zach O'Brien.
0:54 of 1st period - Penalty to Ryan Craig for Fighting.
0:54 of 1st period - Penalty to Zach O'Brien for Fighting.
0:55 of 1st period - Justin Dowling wins face-off versus Evan Trupp in neutral zone.
1:14 of 1st period - Snap shot by Curtis Hamilton.
1:14 of 1st period - Shot Misses the Net.
1:20 of 1st period - Slapshot by Matthew Ford.
1:20 of 1st period - Deflect By Curtis Hamilton.
1:20 of 1st period - Shot Blocked by Matt Finn.
1:20 of 1st period - Puck is out of play.
1:21 of 1st period - Sean Collins wins face-off versus Colton Orr in Senators zone.
1:33 of 1st period - Colton Orr beats up Darren Archibald.
1:33 of 1st period - Penalty to Colton Orr for Fighting.
1:33 of 1st period - Penalty to Darren Archibald for Fighting.
1:34 of 1st period - Tom Kuhnhackl wins face-off versus Philip McRae in neutral zone.
1:37 of 1st period - Snap shot by Yanni Gourde.
1:37 of 1st period - Stopped by Jean-Francois Berube without a rebound.
1:38 of 1st period - Kenny Ryan wins face-off versus Yanni Gourde in Senators zone.
2:42 of 1st period - Darroll Powe is hit by Mike Brown and loses puck.
2:49 of 1st period - Slapshot by Colin Miller.
2:49 of 1st period - Stopped by Jean-Francois Berube without a rebound.
2:50 of 1st period - Matthew Ford wins face-off versus Cody Hodgson in Senators zone.
3:12 of 1st period - Colin Greening is hit by Colin Miller and loses puck.
3:29 of 1st period - Wrist shot by Mike Brown.
3:29 of 1st period - Shot Misses the Net.
4:10 of 1st period - Snap shot by Evan Trupp.
4:10 of 1st period - Shot Blocked by Jordan Martinook.
7:02 of 1st period - Jordan Martinook is hit by Tom Nilsson and loses puck.
7:24 of 1st period - Wrist shot by Ryan Craig.
7:24 of 1st period - Stopped by Anton Khudobin with a rebound.
7:26 of 1st period - Slapshot by Griffin Reinhart.
7:26 of 1st period - Stopped by Anton Khudobin with a rebound.
7:34 of 1st period - Snap shot by Mike Brown.
7:34 of 1st period - Stopped by Anton Khudobin without a rebound.
7:35 of 1st period - Zach O'Brien wins face-off versus Ryan Craig in Devils zone.
7:50 of 1st period - Slapshot by Kenny Ryan.
7:50 of 1st period - Shot Misses the Net.
7:52 of 1st period - Wrist shot by Kenny Ryan.
7:52 of 1st period - Shot Misses the Net.
7:54 of 1st period - Backhand shot by Kenny Ryan.
7:54 of 1st period - Shot Blocked by Colin Miller.
7:56 of 1st period - Slapshot by Viktor Loov.
7:56 of 1st period - Shot Blocked by Yanni Gourde.
7:58 of 1st period - Wrist shot by Kenny Ryan.
7:58 of 1st period - Stopped by Anton Khudobin without a rebound.
7:59 of 1st period - Philip McRae wins face-off versus Sean Collins in Devils zone.
8:08 of 1st period - Griffin Reinhart is hit by Sena Acolatse and loses puck.
8:35 of 1st period - Snap shot by Jordan Martinook.
8:35 of 1st period - Shot Blocked by Matt Finn.
9:00 of 1st period - Icing by Matt Finn.
9:01 of 1st period - Cody Hodgson wins face-off versus Justin Dowling in Senators zone.
9:12 of 1st period - Curtis Hamilton is hit by Philip McRae and loses puck.
9:39 of 1st period - Slapshot by Sean Collins.
9:39 of 1st period - Shot Blocked by Colin Greening.
9:41 of 1st period - Snap shot by Sean Collins.
9:41 of 1st period - Stopped by Jean-Francois Berube with a rebound.
9:43 of 1st period - Snap shot by Darroll Powe.
9:43 of 1st period - Shot Misses the Net.
9:54 of 1st period - Wrist shot by Sean Collins.
9:54 of 1st period - Stopped by Jean-Francois Berube with a rebound.
9:56 of 1st period - Slapshot by Sena Acolatse.
9:56 of 1st period - Stopped by Jean-Francois Berube with a rebound.
10:34 of 1st period - Jordan Martinook is hit by Griffin Reinhart and loses puck.
11:04 of 1st period - Philip McRae is hit by Matthew Ford.
11:27 of 1st period - Wrist shot by Ryan Craig.
11:27 of 1st period - Shot Blocked by Scooter Vaughan.
11:43 of 1st period - Snap shot by Jordan Martinook.
11:43 of 1st period - Stopped by Jean-Francois Berube with a rebound.
11:45 of 1st period - Slapshot by Gabriel Beaupre.
11:45 of 1st period - Stopped by Jean-Francois Berube without a rebound.
11:46 of 1st period - Chris Mueller wins face-off versus Evan Trupp in Senators zone.
12:15 of 1st period - Wrist shot by Darroll Powe.
12:15 of 1st period - Deflect By Sean Collins.
12:15 of 1st period - Stopped by Jean-Francois Berube with a rebound.
12:17 of 1st period - Slapshot by Sena Acolatse.
12:17 of 1st period - Shot Misses the Net.
12:25 of 1st period - Wrist shot by Darroll Powe.
12:25 of 1st period - Stopped by Jean-Francois Berube with a rebound.
13:31 of 1st period - Mike Brown is hit by Scooter Vaughan and loses puck.
14:00 of 1st period - Snap shot by Yanni Gourde.
14:00 of 1st period - Deflect By Zach O'Brien.
14:00 of 1st period - Stopped by Jean-Francois Berube with a rebound.
14:02 of 1st period - Slapshot by Zach O'Brien.
14:02 of 1st period - Shot Blocked by Greg Nemisz.
14:36 of 1st period - Tom Nilsson is hit by Matthew Ford and loses puck.
15:15 of 1st period - Colin Greening is hit by Yanni Gourde and loses puck.
15:28 of 1st period - Slapshot by Kenny Ryan.
15:28 of 1st period - Stopped by Anton Khudobin with a rebound.
15:34 of 1st period - Philip McRae is hit by Darren Archibald.
15:41 of 1st period - Jesse Blacker is hit by Scooter Vaughan and loses puck.
16:00 of 1st period - Wrist shot by Jordan Martinook.
16:00 of 1st period - Deflect By Chris Mueller.
16:00 of 1st period - Shot Misses the Net.
16:00 of 1st period - Puck is out of play.
16:01 of 1st period - Evan Trupp wins face-off versus Chris Mueller in Senators zone.
16:01 of 1st period - Evan Trupp is hit by Joel Hanley.
16:47 of 1st period - Minor Penalty to Colin Miller for High sticking.
16:48 of 1st period - Cody Hodgson wins face-off versus Chris Mueller in Devils zone.
17:30 of 1st period - Justin Dowling is hit by Jesse Blacker and loses puck.
17:51 of 1st period - Backhand shot by Darcy Zajac.
17:51 of 1st period - Shot Blocked by Scooter Vaughan.
17:53 of 1st period - Wrist shot by Colton Orr.
17:53 of 1st period - Shot Blocked by Scooter Vaughan.
18:07 of 1st period - Joel Hanley is hit by Colin Greening.
18:47 of 1st period - Penalty to Colin Miller is over, Colin Miller is back on ice.
19:25 of 1st period - Minor Penalty to Tom Nilsson for Tripping.
19:26 of 1st period - Sean Collins wins face-off versus Mike Brown in Senators zone.
19:31 of 1st period - Slapshot by Colin Miller.
19:31 of 1st period - Stopped by Jean-Francois Berube with a rebound.
19:36 of 1st period - Off-side.
19:37 of 1st period - Sean Collins wins face-off versus Mike Brown in neutral zone.
Goals for this period are 0 for Devils vs 0 for Senators.
Shots for this period are 11 for Devils vs 6 for Senators.

2nd period


0:01 of 2nd period - Mike Brown wins face-off versus Chris Mueller in neutral zone.
0:26 of 2nd period - Wrist shot by Chris Mueller.
0:26 of 2nd period - Goal by Chris Mueller - Devils : 1 - Senators : 0.
0:27 of 2nd period - Justin Dowling wins face-off versus Cody Hodgson in neutral zone.
0:30 of 2nd period - Connor Brown is hit by Colin Miller and loses puck.
0:42 of 2nd period - Icing by Justin Dowling.
0:43 of 2nd period - Connor Brown wins face-off versus Justin Dowling in Devils zone.
0:44 of 2nd period - Wrist shot by Colin Greening.
0:44 of 2nd period - Shot Misses the Net.
0:46 of 2nd period - Snap shot by Colin Greening.
0:46 of 2nd period - Goal by Colin Greening - Devils : 1 - Senators : 1.
0:47 of 2nd period - Chris Mueller wins face-off versus Cody Hodgson in neutral zone.
0:49 of 2nd period - Minor Penalty to Jordan Martinook for Roughing.
0:50 of 2nd period - Cody Hodgson wins face-off versus Chris Mueller in Devils zone.
0:58 of 2nd period - Wrist shot by Colin Greening.
0:58 of 2nd period - Stopped by Anton Khudobin with a rebound.
1:00 of 2nd period - Slapshot by Griffin Reinhart.
1:00 of 2nd period - Stopped by Anton Khudobin without a rebound.
1:01 of 2nd period - Chris Mueller wins face-off versus Cody Hodgson in Devils zone.
2:03 of 2nd period - Scooter Vaughan is hit by Mike Brown.
2:49 of 2nd period - Penalty to Jordan Martinook is over, Jordan Martinook is back on ice.
3:18 of 2nd period - Snap shot by Sean Collins.
3:18 of 2nd period - Deflect By Darren Archibald.
3:18 of 2nd period - Stopped by Jean-Francois Berube without a rebound.
3:19 of 2nd period - Sean Collins wins face-off versus Philip McRae in Senators zone.
4:11 of 2nd period - Tom Nilsson is hit by Zach O'Brien and loses puck.
5:18 of 2nd period - Off-side.
5:19 of 2nd period - Chris Mueller wins face-off versus Colton Orr in neutral zone.
5:28 of 2nd period - Slapshot by Sena Acolatse.
5:28 of 2nd period - Shot Misses the Net.
6:04 of 2nd period - Greg Nemisz is hit by Zach O'Brien and loses puck.
7:00 of 2nd period - Philip McRae is hit by Chris Mueller and loses puck.
7:27 of 2nd period - Wrist shot by Justin Dowling.
7:27 of 2nd period - Shot Misses the Net.
7:29 of 2nd period - Snap shot by Justin Dowling.
7:29 of 2nd period - Shot Misses the Net.
8:55 of 2nd period - Off-side.
8:56 of 2nd period - Zach O'Brien wins face-off versus Evan Trupp in neutral zone.
9:23 of 2nd period - Wrist shot by Sean Collins.
9:23 of 2nd period - Stopped by Jean-Francois Berube with a rebound.
9:25 of 2nd period - Wrist shot by Darren Archibald.
9:25 of 2nd period - Shot Misses the Net.
9:29 of 2nd period - Snap shot by Darren Archibald.
9:29 of 2nd period - Stopped by Jean-Francois Berube with a rebound.
10:20 of 2nd period - Backhand shot by Sean Collins.
10:20 of 2nd period - Stopped by Jean-Francois Berube with a rebound.
10:42 of 2nd period - Greg Nemisz is hit by Jordan Martinook and loses puck.
11:07 of 2nd period - Wrist shot by Evan Trupp.
11:07 of 2nd period - Shot Blocked by Zach O'Brien.
11:09 of 2nd period - Slapshot by Philip McRae.
11:09 of 2nd period - Stopped by Anton Khudobin with a rebound.
11:11 of 2nd period - Wrist shot by Philip McRae.
11:11 of 2nd period - Shot Misses the Net.
11:23 of 2nd period - Snap shot by Evan Trupp.
11:23 of 2nd period - Shot Misses the Net.
11:25 of 2nd period - Wrist shot by Tom Nilsson.
11:25 of 2nd period - Shot Misses the Net.
12:18 of 2nd period - Off-side.
12:19 of 2nd period - Philip McRae wins face-off versus Chris Mueller in neutral zone.
12:46 of 2nd period - Snap shot by Matthew Ford.
12:46 of 2nd period - Deflect By Justin Dowling.
12:46 of 2nd period - Stopped by Jean-Francois Berube without a rebound.
12:47 of 2nd period - Cody Hodgson wins face-off versus Curtis Hamilton in Senators zone.
13:04 of 2nd period - Snap shot by Sena Acolatse.
13:04 of 2nd period - Stopped by Jean-Francois Berube with a rebound.
13:06 of 2nd period - Snap shot by Sean Collins.
13:06 of 2nd period - Stopped by Jean-Francois Berube with a rebound.
13:08 of 2nd period - Wrist shot by Scooter Vaughan.
13:08 of 2nd period - Stopped by Jean-Francois Berube without a rebound.
13:09 of 2nd period - Sean Collins wins face-off versus Philip McRae in Senators zone.
14:03 of 2nd period - Snap shot by Ryan Craig.
14:03 of 2nd period - Shot Misses the Net.
14:05 of 2nd period - Snap shot by Viktor Loov.
14:05 of 2nd period - Stopped by Anton Khudobin with a rebound.
14:07 of 2nd period - Slapshot by Joe Finley.
14:07 of 2nd period - Shot Blocked by Jordan Martinook.
14:43 of 2nd period - Curtis Hamilton is hit by Greg Nemisz and loses puck.
15:20 of 2nd period - Slapshot by Darcy Zajac.
15:20 of 2nd period - Stopped by Anton Khudobin without a rebound.
15:21 of 2nd period - Chris Mueller wins face-off versus Philip McRae in Devils zone.
15:50 of 2nd period - Jesse Blacker is hit by Zach O'Brien and loses puck.
15:57 of 2nd period - Darroll Powe is hit by Joe Finley.
17:03 of 2nd period - Sean Collins is hit by Jesse Blacker and loses puck.
17:10 of 2nd period - Slapshot by Evan Trupp.
17:10 of 2nd period - Stopped by Anton Khudobin with a rebound.
17:41 of 2nd period - Minor Penalty to Scooter Vaughan for Hooking.
17:42 of 2nd period - Chris Mueller wins face-off versus Cody Hodgson in Devils zone.
18:12 of 2nd period - Wrist shot by Ryan Craig.
18:12 of 2nd period - Shot Misses the Net.
18:22 of 2nd period - Chris Mueller is hit by Greg Nemisz and loses puck.
18:47 of 2nd period - Icing by Joe Finley.
18:48 of 2nd period - Justin Dowling wins face-off versus Darcy Zajac in Senators zone.
18:55 of 2nd period - Wrist shot by Colin Greening.
18:55 of 2nd period - Shot Misses the Net.
18:57 of 2nd period - Slapshot by Viktor Loov.
18:57 of 2nd period - Shot Blocked by Colin Miller.
18:59 of 2nd period - Snap shot by Darcy Zajac.
18:59 of 2nd period - Shot Blocked by Joel Hanley.
19:17 of 2nd period - Snap shot by Mike Brown.
19:17 of 2nd period - Shot Misses the Net.
19:19 of 2nd period - Snap shot by Greg Nemisz.
19:19 of 2nd period - Shot Misses the Net.
19:21 of 2nd period - Slapshot by Joe Finley.
19:21 of 2nd period - Shot Misses the Net.
19:23 of 2nd period - Slapshot by Viktor Loov.
19:23 of 2nd period - Deflect By Mike Brown.
19:23 of 2nd period - Shot Blocked by Joel Hanley.
19:23 of 2nd period - Puck is out of play.
19:24 of 2nd period - Chris Mueller wins face-off versus Ryan Craig in Devils zone.
19:41 of 2nd period - Penalty to Scooter Vaughan is over, Scooter Vaughan is back on ice.
Goals for this period are 1 for Devils vs 1 for Senators.
Shots for this period are 9 for Devils vs 7 for Senators.

3rd period


0:01 of 3rd period - Chris Mueller wins face-off versus Cody Hodgson in neutral zone.
0:04 of 3rd period - Slapshot by Colin Miller.
0:04 of 3rd period - Shot Blocked by Jesse Blacker.
1:51 of 3rd period - Icing by Sena Acolatse.
1:52 of 3rd period - Evan Trupp wins face-off versus Darren Archibald in Devils zone.
1:53 of 3rd period - Wrist shot by Connor Brown.
1:53 of 3rd period - Stopped by Anton Khudobin with a rebound.
2:07 of 3rd period - Wrist shot by Connor Brown.
2:07 of 3rd period - Shot Misses the Net.
2:49 of 3rd period - Slapshot by Colin Greening.
2:49 of 3rd period - Shot Blocked by Scooter Vaughan.
2:51 of 3rd period - Slapshot by Griffin Reinhart.
2:51 of 3rd period - Stopped by Anton Khudobin with a rebound.
2:53 of 3rd period - Slapshot by Griffin Reinhart.
2:53 of 3rd period - Shot Blocked by Darren Archibald.
2:55 of 3rd period - Slapshot by Jesse Blacker.
2:55 of 3rd period - Stopped by Anton Khudobin without a rebound.
2:56 of 3rd period - Justin Dowling wins face-off versus Cody Hodgson in Devils zone.
3:03 of 3rd period - Matthew Ford is hit by Cody Hodgson and loses puck.
3:25 of 3rd period - Off-side.
3:26 of 3rd period - Chris Mueller wins face-off versus Ryan Craig in neutral zone.
3:53 of 3rd period - Snap shot by Philip McRae.
3:53 of 3rd period - Shot Misses the Net.
4:07 of 3rd period - Tom Kuhnhackl is hit by Joe Finley and loses puck.
4:20 of 3rd period - Snap shot by Yanni Gourde.
4:20 of 3rd period - Shot Misses the Net.
4:22 of 3rd period - Snap shot by Yanni Gourde.
4:22 of 3rd period - Shot Misses the Net.
4:35 of 3rd period - Wrist shot by Zach O'Brien.
4:35 of 3rd period - Deflect By Justin Dowling.
4:35 of 3rd period - Stopped by Jean-Francois Berube with a rebound.
4:37 of 3rd period - Slapshot by Colin Miller.
4:37 of 3rd period - Stopped by Jean-Francois Berube without a rebound.
4:38 of 3rd period - Ryan Craig wins face-off versus Justin Dowling in Senators zone.
4:49 of 3rd period - Snap shot by Justin Dowling.
4:49 of 3rd period - Stopped by Jean-Francois Berube with a rebound.
6:15 of 3rd period - Matt Finn is hit by Darren Archibald.
7:04 of 3rd period - Slapshot by Philip McRae.
7:04 of 3rd period - Shot Blocked by Matthew Ford.
7:06 of 3rd period - Slapshot by Jesse Blacker.
7:06 of 3rd period - Deflect By Kenny Ryan.
7:06 of 3rd period - Shot Misses the Net.
7:06 of 3rd period - Puck is out of play.
7:07 of 3rd period - Ryan Craig wins face-off versus Justin Dowling in Devils zone.
7:34 of 3rd period - Snap shot by Chris Mueller.
7:34 of 3rd period - Stopped by Jean-Francois Berube with a rebound.
7:36 of 3rd period - Slapshot by Chris Mueller.
7:36 of 3rd period - Shot Hit the Post.
8:14 of 3rd period - Wrist shot by Colin Greening.
8:14 of 3rd period - Stopped by Anton Khudobin with a rebound.
8:22 of 3rd period - Colin Greening is hit by Sean Collins and loses puck.
9:41 of 3rd period - Minor Penalty to Matt Finn for Roughing.
9:42 of 3rd period - Sean Collins wins face-off versus Mike Brown in Senators zone.
10:07 of 3rd period - Wrist shot by Sean Collins.
10:07 of 3rd period - Stopped by Jean-Francois Berube with a rebound.
10:09 of 3rd period - Snap shot by Tom Kuhnhackl.
10:09 of 3rd period - Stopped by Jean-Francois Berube without a rebound.
10:10 of 3rd period - Chris Mueller wins face-off versus Mike Brown in Senators zone.
10:27 of 3rd period - Slapshot by Zach O'Brien.
10:27 of 3rd period - Stopped by Jean-Francois Berube without a rebound.
10:28 of 3rd period - Chris Mueller wins face-off versus Mike Brown in Senators zone.
10:37 of 3rd period - Snap shot by Jordan Martinook.
10:37 of 3rd period - Shot Misses the Net.
10:56 of 3rd period - Wrist shot by Evan Trupp.
10:56 of 3rd period - Shot Hit the Post.
10:58 of 3rd period - Wrist shot by Jesse Blacker.
10:58 of 3rd period - Shot Blocked by Colin Miller.
11:24 of 3rd period - Slapshot by Tom Kuhnhackl.
11:24 of 3rd period - Deflect By Yanni Gourde.
11:24 of 3rd period - Stopped by Jean-Francois Berube with a rebound.
11:26 of 3rd period - Backhand shot by Yanni Gourde.
11:26 of 3rd period - Shot Misses the Net.
11:28 of 3rd period - Slapshot by Scooter Vaughan.
11:28 of 3rd period - Stopped by Jean-Francois Berube with a rebound.
11:30 of 3rd period - Backhand shot by Tom Kuhnhackl.
11:30 of 3rd period - Shot Misses the Net.
11:32 of 3rd period - Snap shot by Scooter Vaughan.
11:32 of 3rd period - Shot Misses the Net.
11:41 of 3rd period - Penalty to Matt Finn is over, Matt Finn is back on ice.
13:25 of 3rd period - Connor Brown is hit by Sena Acolatse and loses puck.
14:23 of 3rd period - Minor Penalty to Colin Greening for Hooking.
14:24 of 3rd period - Mike Brown wins face-off versus Sean Collins in Senators zone.
14:53 of 3rd period - Icing by Chris Mueller.
14:54 of 3rd period - Chris Mueller wins face-off versus Darcy Zajac in Devils zone.
15:09 of 3rd period - Darcy Zajac is hit by Zach O'Brien and loses puck.
15:22 of 3rd period - Slapshot by Evan Trupp.
15:22 of 3rd period - Shot Misses the Net.
15:42 of 3rd period - Chris Mueller is hit by Joe Finley and loses puck.
16:23 of 3rd period - Penalty to Colin Greening is over, Colin Greening is back on ice.
16:36 of 3rd period - Philip McRae is hit by Zach O'Brien and loses puck.
16:59 of 3rd period - Colton Orr is hit by Scooter Vaughan and loses puck.
17:13 of 3rd period - Off-side.
17:14 of 3rd period - Ryan Craig wins face-off versus Justin Dowling in neutral zone.
17:33 of 3rd period - Wrist shot by Justin Dowling.
17:33 of 3rd period - Stopped by Jean-Francois Berube with a rebound.
17:35 of 3rd period - Slapshot by Colin Miller.
17:35 of 3rd period - Shot Blocked by Evan Trupp.
17:37 of 3rd period - Wrist shot by Sena Acolatse.
17:37 of 3rd period - Deflect By Greg Nemisz.
17:37 of 3rd period - Stopped by Jean-Francois Berube with a rebound.
17:39 of 3rd period - Wrist shot by Matthew Ford.
17:39 of 3rd period - Shot Misses the Net.
17:41 of 3rd period - Slapshot by Colin Miller.
17:41 of 3rd period - Deflect By Matthew Ford.
17:41 of 3rd period - Stopped by Jean-Francois Berube with a rebound.
17:45 of 3rd period - Snap shot by Matthew Ford.
17:45 of 3rd period - Deflect By Ryan Craig.
17:45 of 3rd period - Stopped by Jean-Francois Berube with a rebound.
18:43 of 3rd period - Wrist shot by Sean Collins.
18:43 of 3rd period - Shot Misses the Net.
18:45 of 3rd period - Slapshot by Joel Hanley.
18:45 of 3rd period - Shot Blocked by Connor Brown.
18:47 of 3rd period - Slapshot by Sean Collins.
18:47 of 3rd period - Shot Blocked by Connor Brown.
18:49 of 3rd period - Snap shot by Sean Collins.
18:49 of 3rd period - Stopped by Jean-Francois Berube without a rebound.
18:50 of 3rd period - Justin Dowling wins face-off versus Ryan Craig in Senators zone.
19:00 of 3rd period - Ryan Craig is hit by Justin Dowling.
19:42 of 3rd period - Justin Dowling is hit by Kenny Ryan and loses puck.
Goals for this period are 0 for Devils vs 0 for Senators.
Shots for this period are 14 for Devils vs 4 for Senators.

Overtime #1


0:01 of 1st overtime period - Justin Dowling wins face-off versus Connor Brown in neutral zone.
0:04 of 1st overtime period - Jesse Blacker is hit by Darren Archibald and loses puck.
0:15 of 1st overtime period - Slapshot by Colin Miller.
0:15 of 1st overtime period - Shot Misses the Net.
0:17 of 1st overtime period - Slapshot by Colin Miller.
0:17 of 1st overtime period - Shot Blocked by Jesse Blacker.
0:19 of 1st overtime period - Slapshot by Colin Miller.
0:19 of 1st overtime period - Stopped by Jean-Francois Berube without a rebound.
0:20 of 1st overtime period - Justin Dowling wins face-off versus Connor Brown in Senators zone.
0:21 of 1st overtime period - Wrist shot by Colin Miller.
0:21 of 1st overtime period - Shot Blocked by Connor Brown.
0:23 of 1st overtime period - Snap shot by Darren Archibald.
0:23 of 1st overtime period - Stopped by Jean-Francois Berube with a rebound.
0:47 of 1st overtime period - Slapshot by Colin Miller.
0:47 of 1st overtime period - Shot Blocked by Griffin Reinhart.
1:08 of 1st overtime period - Cody Hodgson is hit by Darren Archibald and loses puck.
1:42 of 1st overtime period - Snap shot by Colton Orr.
1:42 of 1st overtime period - Stopped by Anton Khudobin with a rebound.
1:44 of 1st overtime period - Slapshot by Joe Finley.
1:44 of 1st overtime period - Shot Blocked by Justin Dowling.
1:46 of 1st overtime period - Snap shot by Joe Finley.
1:46 of 1st overtime period - Deflect By Darcy Zajac.
1:46 of 1st overtime period - Shot Misses the Net.
1:46 of 1st overtime period - Puck is out of play.
1:47 of 1st overtime period - Connor Brown wins face-off versus Tom Kuhnhackl in Devils zone.
1:48 of 1st overtime period - Slapshot by Cody Hodgson.
1:48 of 1st overtime period - Shot Misses the Net.
2:54 of 1st overtime period - Sena Acolatse is hit by Evan Trupp and loses puck.
3:01 of 1st overtime period - Darren Archibald is hit by Connor Brown.
3:44 of 1st overtime period - Wrist shot by Darcy Zajac.
3:44 of 1st overtime period - Stopped by Anton Khudobin with a rebound.
4:20 of 1st overtime period - Slapshot by Sena Acolatse.
4:20 of 1st overtime period - Shot Blocked by Evan Trupp.
4:48 of 1st overtime period - Backhand shot by Connor Brown.
4:48 of 1st overtime period - Stopped by Anton Khudobin with a rebound.
4:54 of 1st overtime period - Slapshot by Colin Miller.
4:54 of 1st overtime period - Deflect By Connor Brown.
4:54 of 1st overtime period - Stopped by Jean-Francois Berube with a rebound.
4:56 of 1st overtime period - Wrist shot by Chris Mueller.
4:56 of 1st overtime period - Shot Misses the Net.
Goals for this period are 0 for Devils vs 0 for Senators.
Shots for this period are 3 for Devils vs 3 for Senators.

ShootOut


5:00 of 1st overtime period - Penalty Shot by Tom Kuhnhackl for Devils.
5:00 of 1st overtime period - Backhand shot by Tom Kuhnhackl.
5:00 of 1st overtime period - Stopped by Jean-Francois Berube.
5:00 of 1st overtime period - Penalty Shot by Greg Nemisz for Senators.
5:00 of 1st overtime period - Deke by Greg Nemisz.
5:00 of 1st overtime period - Stopped by Anton Khudobin.
5:00 of 1st overtime period - Penalty Shot by Justin Dowling for Devils.
5:00 of 1st overtime period - Snap shot by Justin Dowling.
5:00 of 1st overtime period - Stopped by Jean-Francois Berube.
5:00 of 1st overtime period - Penalty Shot by Cody Hodgson for Senators.
5:00 of 1st overtime period - Snap shot by Cody Hodgson.
5:00 of 1st overtime period - Stopped by Anton Khudobin.
5:00 of 1st overtime period - Penalty Shot by Chris Mueller for Devils.
5:00 of 1st overtime period - Wrist shot by Chris Mueller.
5:00 of 1st overtime period - Stopped by Jean-Francois Berube.
5:00 of 1st overtime period - Penalty Shot by Colin Greening for Senators.
5:00 of 1st overtime period - Wrist shot by Colin Greening.
5:00 of 1st overtime period - Stopped by Anton Khudobin.
5:00 of 1st overtime period - Penalty Shot by Jordan Martinook for Devils.
5:00 of 1st overtime period - Snap shot by Jordan Martinook.
5:00 of 1st overtime period - Goal by Jordan Martinook.
5:00 of 1st overtime period - Penalty Shot by Ryan Craig for Senators.
5:00 of 1st overtime period - Snap shot by Ryan Craig.
5:00 of 1st overtime period - Stopped by Anton Khudobin.